 Dungeon Crawl Stone Soup version 0.30-a0-170-g85af917532 (webtiles) character file.

Game seed: 16039440361151906130

16 Anon1729 the Ducker (level 2, -3/24 HPs)
             Began as a Merfolk Monk on Sept 30, 2022.
             Slain by an orc
             ... wielding a +0 dagger
              (4 damage)
             ... on level 3 of the Dungeon.
             The game lasted 00:01:59 (237 turns).

Anon1729 the Ducker (Merfolk Monk)                   Turns: 237, Time: 00:02:00

Health: -3/24      AC:  4    Str: 11    XL:     2   Next: 58%
Magic:  2/2        EV: 13    Int:  9    God:
Gold:   45         SH:  0    Dex: 16    Spells: 1/1 levels left

rFire   . . .      SeeInvis .    a - +0 falchion
rCold   . . .      Faith    .    (no shield)
rNeg    . . .      Spirit   .    d - +0 troll leather armour
rPois   .          Reflect  .    (no helmet)
rElec   .          Harm     .    (no cloak)
rCorr   .          Rampage  .    (no gloves)
Will    .....                    (no boots)
Stlth   ++........               (no amulet)
HPRegen 0.08/turn                (no ring)
MPRegen 0.08/turn                (no ring)

@: no status effects
A: (nimble swimmer 2), mertail
a: no special abilities


You were on level 3 of the Dungeon.
You visited 1 branch of the dungeon, and saw 3 of its levels.

You collected 45 gold pieces.

Inventory:

Hand Weapons
 a - a +0 falchion (weapon)
Armour
 b - a +0 robe
 d - a +0 troll leather armour (worn)
 h - a +0 robe
Scrolls
 e - a scroll of blinking {unknown}
Potions
 c - a potion of ambrosia
 f - a potion of curing {unknown}
 g - a potion of cancellation {unknown}


   Skills:
 + Level 3.5 Fighting
 + Level 3.9 Long Blades
 + Level 4.3 Dodging
 + Level 2.6 Stealth


You had one spell level left.
You didn't know any spells.
Your spell library was empty.

Dungeon Overview and Level Annotations

Branches:
Dungeon (3/15)

Altars:


Innate Abilities, Weirdness & Mutations

((You are very nimble when in or above water. (Stealth+, EV+, Speed+++)))
Your lower body shifts to a powerful aquatic tail in water.


Message History

You barely miss the rat. The rat bites you but does no damage.
You barely miss the rat. The rat misses you.
You hit the rat.
You kill the rat!
You see here a rat corpse.
Things that are here:
a +0 short sword; a kobold corpse You see here a ball python corpse.
You see here a ball python corpse.
Things that are here:
a +0 short sword; a kobold corpse You see here a rat corpse.
An orc priest comes into view. It is wielding a +0 club.
An orc comes into view. It is wielding a +0 dagger.
Found 4 boomerangs.
Found a stone staircase leading down.
An orc comes into view. It is wielding a +0 short sword.
The orc priest shouts!
The orc shouts!
The orc shouts!
You see here an emerald potion.
You hit the orc.
The orc is almost dead.
The orc hits you with a +0 short sword.
* * * LOW HITPOINT WARNING * * *
The orc misses you.
You hit the orc but do no damage. The orc misses you.
The orc hits you with a +0 dagger.
* * * LOW HITPOINT WARNING * * *
You hit the orc.
The orc is severely wounded.
The orc hits you but does no damage. The orc hits you with a +0 dagger.
* * * LOW HITPOINT WARNING * * *
You barely miss the orc.
The orc is severely wounded.
The orc hits you but does no damage. The orc hits you with a +0 dagger.
* * * LOW HITPOINT WARNING * * *
You barely miss the orc.
The orc is severely wounded.
The orc hits you with a +0 dagger.
You die...

#.##..?...### .# .
#.....##.†####./#
..#.....#..........
....##....##>......
#..................
.#######...####..)..#
.....................
#####o!.##..######..
#oo@...# #..# ..
#..##.### #># #. (.#
..# # .### .# ## .


You could see an orc priest and 2 orcs.

Vanquished Creatures
  An orc (D:2)
  3 ball pythons
  A giant cockroach (D:3)
  3 hobgoblins
  3 kobolds
  A bat (D:1)
  3 rats (D:3)
15 creatures vanquished.

Notes
Turn   | Place    | Note
-------+----------+-------------------------------------------
     0 | D:1      | Anon1729 the Merfolk Monk began the quest for the Orb.
     0 | D:1      | Reached XP level 1. HP: 18/18 MP: 1/1
    76 | D:2      | Reached XP level 2. HP: 7/24 MP: 2/2
   236 | D:3      | HP: 1/24 [orc/+0 dagger (2)]
   237 | D:3      | Slain by an orc

Illustrated notes

Levels and vault maps discovered:
D:1:      nzn_arrival_settlement, layout_basic,
          hellmonk_ecumenical_altar_pennies_from_heaven, serial_shops,
          nicolae_shop_advertising_works [nicolae_subvault_shop_adworks],
          chequers_big_river
D:2:      layout_rooms
D:3:      layout_rooms, serial_shops, shop

Action                   || total
-------------------------++-------
Melee: Falchion          ||    38
       Punch             ||     1
 Stab: Distracted        ||     1
       Sleeping          ||     1
Armor: Robe              ||     5
       Troll leather arm ||     4
Dodge: Dodged            ||    37

Table legend: (Time is in decaauts)
 A = Elapsed time spent in this place.
 B = Non-inter-level travel time spent in this place.
 C = Inter-level travel time spent in this place.
 D = Time resting spent in this place.
 E = Time spent auto-exploring this place.
 F = Levels seen in this place.
 G = Mean time per level.
                   A        B        C        D        E       F      G
               +--------+--------+--------+--------+--------+-----+--------+
         Total |    242 |    242 |      0 |      0 |     15 |   3 |   80.7 |
       Dungeon |    242 |    242 |      0 |      0 |     15 |   3 |   80.7 |
               +--------+--------+--------+--------+--------+-----+--------+

Top non-repeatable levels by time:
     D:3: 135 daAuts
     D:2: 67 daAuts
     D:1: 39 daAuts
